 Dungeon Crawl Stone Soup version 0.31-a0-366-ga77b45bd9b (webtiles) character file.

Game seed: 14986293376115386847

466 Ajdolov the Mimic (level 6, -3/25 HPs)
             Began as a Felid Shapeshifter on July 27, 2023.
             Was an Initiate of Ru.
             Slain by an ogre
             ... wielding a +0 giant spiked club
              (28 damage)
             ... on level 7 of the Dungeon.
             The game lasted 00:12:05 (5699 turns).

Ajdolov the Mimic (Felid Shapeshifter)              Turns: 5699, Time: 00:12:06

Health: -3/25      AC:  2    Str: 19    XL:     6   Next: 81%
Magic:  7/7        EV: 17    Int: 10    God:    Ru [......]
Gold:   200        SH:  0    Dex: 16    Spells: 5/5 levels left
                                        Lives:  0   Deaths: 2

rFire   . .          .
                       - Unarmed
rCold   + . .        (shield unavailable)
rNeg    . . .        (body armour unavailable)
rPois   .            (helmet unavailable)
rElec   .            (cloak unavailable)
rCorr   .            (gloves unavailable)
SInv    +            (boots unavailable)
Will    .....        u - amulet of faith
Stlth   +            x - +6 ring of strength
HPRegen 0.24/turn    p - ring of protection from cold
MPRegen 0.10/turn

%: faith
@: beast-form, quick
A: beast (slay +6), very small, claws 1, fangs 3, see invisible, speed 1, shaggy
fur 2, stealthy paws, no weapons or thrown items, no armour, multi-lived
a: Begin Untransformation, Renounce Religion


You were on level 7 of the Dungeon.
You worshipped Ru.
Ru was noncommittal.
You were a hulking beast.
You visited 2 branches of the dungeon, and saw 8 of its levels.

You collected 348 gold pieces.
You spent 148 gold pieces at shops.

Inventory:

Jewellery
 i - a ring of willpower
 m - a ring of resist corrosion
 p - a ring of protection from cold (right paw)
 s - a ring of flight
 u - an amulet of faith (around neck)
 x - a +6 ring of strength (left paw)
Talismans
 b - a beast talisman
 d - a maw talisman
Scrolls
 e - a scroll of butterflies
 f - a scroll of amnesia {unknown}
 g - 3 scrolls of revelation
 h - 7 scrolls of teleportation
 k - a scroll of fog {unknown}
 l - 2 scrolls of fear
 q - a scroll of torment {unknown}
 t - 3 scrolls of poison {unknown}
 v - a scroll of enchant weapon {unknown}
 y - a scroll of enchant armour {unknown}
Potions
 a - a potion of lignification
 c - 3 potions of attraction
 j - a potion of enlightenment {unknown}
 n - 2 potions of degeneration
 o - a potion of might {unknown}
 w - a potion of berserk rage {unknown}
 z - a potion of mutation {unknown}


   Skills:
 - Level 1.0 Fighting
 - Level 2.6 Dodging
 - Level 3.0 Unarmed Combat
 * Level 9.9 Shapeshifting


You had 5 spell levels left.
You didn't know any spells.
Your spell library contained the following spells:

 Spells                   Type           Power      Damage    Failure   Level
 Shock                    Conj/Air       0%         1d3       36%         1
 Lesser Beckoning         Tloc           0%         N/A       50%         2
 Scorch                   Fire           0%         2d5       50%         2
 Gell's Gravitas          Tloc           0%         N/A       75%         3
 Swiftness                Air            0%         N/A       75%         3
 Teleport Other           Tloc           0%         N/A       75%         3
 Airstrike                Air            0%         2d(0-16)  98%         4
 Flame Wave               Conj/Fire      0%         2d4       98%         4
 Summon Forest            Summ/Tloc      0%         N/A       100%        5
 Eringya's Noxious Bog    Tmut/Pois      0%         4d6       100%        6
 Summon Cactus Giant      Summ           0%         N/A       100%        6
 Summon Hydra             Summ           0%         N/A       100%        7


Dungeon Overview and Level Annotations

Branches:
Dungeon (7/15)             Temple (1/1) D:5

Altars:
Ashenzari
Cheibriados
Dithmenos
Elyvilon
Fedhas
Gozag
Hepliaklqana
Kikubaaqudgha
Makhleb
Nemelex Xobeh
Okawaru
Qazlal
Ru
Sif Muna
Trog
Uskayaw
Vehumet
Xom
Yredelemnul

Shops:
D:3 *   D:6 *:

Annotations:
D:2 1 runed translucent door, Crazy Yiuf, Robin
D:4 exclusion: ogre


Innate Abilities, Weirdness & Mutations

You are a hulking beast.
Your limbs bulge with bestial killing power. (Slay +6)
You have sharp claws.
You have razor-sharp teeth.
You have supernaturally acute eyesight. (SInv)
You cover ground quickly. (Speed+)
You are covered in thick fur. (AC +2)
Your paws help you pounce on unaware monsters.
You are incapable of wielding weapons or throwing items.
You cannot wear armour.
You gain extra lives every three experience levels.


Message History

The ogre hits you with a +0 giant spiked club!!
Ouch! That really hurt!
You die...
Your shape twists and changes as you die.
You are now level 6!
You rejoin the land of the living...
Found 12 gold pieces, a chain mail, a potion of attraction and a glaive.
An ice beast comes into view.
Found 14 gold pieces.
Found a stone staircase leading down.
You're wearing all the rings you can.
Remove which one? (? for menu, Esc to cancel) < or
x - a +6 ring of strength; > or
i - a ring of willpower You remove your ring of willpower.
p - a ring of protection from cold (right paw)
An ice beast is nearby!
You claw the ice beast! You bite the ice beast!
The ice beast is heavily wounded.
The ice beast hits you. The ice beast freezes you! You resist.
You claw the ice beast!
The ice beast is severely wounded.
The ice beast hits you. The ice beast freezes you. You resist.
* * * LOW HITPOINT WARNING * * *
You claw the ice beast!
You kill the ice beast!
You start resting.
HP restored.
c - 3 potions of attraction (gained 1)
You now have 186 gold pieces (gained 12).
You now have 200 gold pieces (gained 14).
Found an orcbow.
You see here a +0 orcbow.
The ogre shouts!
You scratch the ogre.
The ogre is severely wounded.
The ogre closely misses you.
You claw the ogre!
The ogre is almost dead.
The ogre hits you with a +0 giant spiked club!!
Ouch! That really hurt!
You die...

### .. .####. ######
##...... #....#########...#
#.......)........#
###...).########h..#
...........# #O..#
..#........# ##.##
.#.........######.#######
...................§§...#
##.##############.#####.###
#.# #.# #...## ##.######
#.# ###O.# .^......# #.
##†#


You could see an ogre.

Vanquished Creatures
  3 water moccasins
  An ice beast (D:7)
  A centaur (D:6)
  A phantom (D:7)
  A gnoll sergeant (D:5)
  2 scorpions
  3 jellies
  5 hounds
  A sleepcap (D:6)
  Jessica (D:2)
  2 iguanas (D:5)
  5 gnolls (D:4)
  3 adders
  2 shadow imps
  An ufetubus (D:6)
  2 worms (D:2)
  A dart slug (D:5)
  11 orcs
  9 endoplasms
  4 giant cockroaches
  9 goblins
  9 hobgoblins
  4 jackals (D:1)
  6 kobolds
  6 quokkas
  8 ball pythons
  2 bats (D:1)
  3 frilled lizards
  7 rats
113 creatures vanquished.

Notes
Turn   | Place    | Note
-------+----------+-------------------------------------------
     0 | D:1      | Ajdolov the Felid Shapeshifter began the quest for the Orb.
     0 | D:1      | Reached XP level 1. HP: 9/9 MP: 2/2
    20 | D:1      | Found a faded altar of an unknown god.
   135 | D:1      | Reached XP level 2. HP: 12/12 MP: 3/3
   240 | D:1      | Reached skill level 4 in Shapeshifting
   720 | D:2      | Reached XP level 3. HP: 15/15 MP: 4/4
   865 | D:2      | Noticed Robin
  1065 | D:2      | Noticed Jessica
  1073 | D:2      | Killed Jessica
  1074 | D:2      | Reached skill level 5 in Shapeshifting
  1074 | D:2      | Reached XP level 4. HP: 15/19 MP: 5/5
  1390 | D:2      | Found a runed translucent door.
  1391 | D:2      | Noticed Crazy Yiuf
  1486 | D:3      | Found Mam Wumaoku's General Store.
  1513 | D:3      | Bought a scroll of identify for 28 gold pieces
  1618 | D:3      | Found a bloodstained altar of Trog.
  1972 | D:3      | Found a snail-covered altar of Cheibriados.
  2238 | D:4      | Found a blossoming altar of Fedhas.
  2331 | D:4      | Noticed an ogre
  2567 | D:4      | You fall into a shaft and drop 2 floors!
  2647 | D:6      | Reached XP level 5. HP: 22/22 MP: 6/6
  2657 | D:6      | Noticed a centaur
  2828 | D:6      | Found Ciusy's Self-Improvement Boutique.
  2835 | D:6      | Reached skill level 6 in Shapeshifting
  2973 | D:6      | Noticed a water moccasin
  2997 | D:6      | Killed a water moccasin
  2998 | D:6      | Reached skill level 7 in Shapeshifting
  2998 | D:6      | Gained mutation: You are covered in thick fur. (AC +2)
                  | [Felid growth]
  2998 | D:6      | Reached XP level 6. HP: 7/25 MP: 7/7
  3317 | D:6      | Found Raenexunn's Assorted Antiques.
  3321 | D:6      | Noticed a water moccasin
  3345 | D:6      | Killed a water moccasin
  3346 | D:6      | Reached XP level 7. HP: 28/28 MP: 8/8
  3379 | D:6      | Bought a wooden wand for 120 gold pieces
  3398 | D:6      | Reached skill level 8 in Shapeshifting
  3555 | D:5      | Entered Level 5 of the Dungeon
  3750 | D:5      | Found a staircase to the Ecumenical Temple.
  3756 | Temple   | Entered the Ecumenical Temple
  3795 | Temple   | Became a worshipper of Ru the Awakened
  4695 | D:5      | Reached skill level 9 in Shapeshifting
  4833 | D:5      | Slain by a water moccasin
  4834 | D:5      | Reached XP level 6. HP: -1/25 MP: 7/7
  4862 | D:5      | Killed a water moccasin
  4863 | D:5      | Reached XP level 7. HP: 28/28 MP: 8/8
  5003 | D:4      | Found a burning altar of Makhleb.
  5360 | D:5      | Found a radiant altar of Vehumet.
  5573 | D:7      | Slain by an ogre
  5574 | D:7      | Reached XP level 6. HP: -3/25 MP: 7/7
  5574 | D:7      | Noticed an ice beast
  5587 | D:7      | Killed an ice beast
  5699 | D:7      | Slain by an ogre

Illustrated notes

Levels and vault maps discovered:
D:1:      spicycebolla_arrival_xxxplode, layout_loops_ring,
          chequers_ecumenical_altar_simple_redux
D:2:      layout_basic, minmay_hexomino_u4, uniq_robin, uniq_jessica,
          uniq_crazy_yiuf_cottage
D:3:      layout_loops_corners, nicolae_overflow_hidden_temple,
          trog_three_pillars_becter, cheibriados_altar_1, serial_shops,
          nicolae_shop_stone
D:4:      layout_loops_cross, mainiacjoe_overflow_catwalk,
          makhleb_blood_cavern_becter, grunt_ministairs_4
D:5:      layout_basic, mainiacjoe_overflow_paths,
          minmay_temple_entry_enclosed_plants
D:6:      nicolae_whirlpool, layout_basic, serial_shops, shop,
          nicolae_shop_self_help
D:7:      layout_basic
Temple:   nicolae_temple_ecumenical_triangle

Skill      XL: |  1  2  3  4  5  6  7 |
---------------+----------------------+-----
Shapeshifting  | 4 5 7 9 |  9.9
Fighting       | |  1.0
Dodging        | |  2.6
Unarmed Combat | |  3.0

Action                     |  1- 3 |  4- 6 |  7- 9 || total
---------------------------+-------+-------+-------++-------
  Melee: Unarmed           |    84 |   114 |    99 ||   297
         Bite              |     3 |    13 |    10 ||    26
         Punch             |       |     3 |     4 ||     7
  Evoke: Wand              |       |     9 |     6 ||    15
    Use: Scroll            |       |     6 |       ||     6
         Potion            |       |     2 |       ||     2
   Stab: Sleeping          |     7 |       |     1 ||     8
 Armour: Skin              |     4 |    16 |     4 ||    24
  Dodge: Dodged            |    51 |    65 |    83 ||   199

Table legend: (Time is in decaauts)
 A = Elapsed time spent in this place.
 B = Non-inter-level travel time spent in this place.
 C = Inter-level travel time spent in this place.
 D = Time resting spent in this place.
 E = Time spent auto-exploring this place.
 F = Levels seen in this place.
 G = Mean time per level.
                   A        B        C        D        E       F      G
               +--------+--------+--------+--------+--------+-----+--------+
         Total |   4891 |   4709 |    182 |    795 |   2846 |   8 |  611.4 |
       Dungeon |   4845 |   4676 |    169 |    795 |   2846 |   7 |  692.1 |
        Temple |     46 |     34 |     12 |      0 |      0 |   1 |   46.0 |
               +--------+--------+--------+--------+--------+-----+--------+

Top non-repeatable levels by time:
     D:4: 1191 daAuts
     D:6: 954 daAuts
     D:5: 681 daAuts
     D:2: 626 daAuts
     D:1: 598 daAuts
     D:3: 586 daAuts
     D:7: 208 daAuts
  Temple: 46 daAuts
